Map: [ESL] Tropical Sacrifice

Players

uThermal

  • Race: Terran Terran
  • Spawn Location: 7:00

Neeb - Winner!

  • Race: Protoss Protoss
  • Spawn Location: 1:00

Event: DreamHack SC2 Masters 2022 Valencia

VOD

Have the link to the VOD?

Description

Time

  • Played on: July 1, 2022, 1:57 p.m.
  • Length: 10:27

All games in this series

Show
View Real Time Build Order
Export as new Build Order

uThermal Terran 

Build Orders:  

Get SALT Encoding   

  12  0:00  SCV  
  13  0:12  SCV  
  14  0:17  Supply Depot  
  14  0:24  SCV  
  15  0:38  SCV  
  15  0:40  Barracks  
  16  0:44  Refinery  
  16  0:51  SCV  
  17  1:03  SCV  
  18  1:15  SCV  
  19  1:26  Marine  
  19  1:27  Orbital Command  
  20  1:42  Command Center  
  20  1:45  Barracks Reactor  
  20  1:53  SCV  
  21  1:56  Supply Depot  
  21  2:05  SCV  
  22  2:09  Barracks  
  22  2:17  SCV  
  22  2:20  Marine x2  
  25  2:29  SCV  
  26  2:32  Barracks  
  26  2:38  Marine  
  26  2:39  Marine  
  26  2:41  SCV  
  29  2:53  SCV  
  29  2:55  Orbital Command  
  29  2:56  Marine  
  29  2:57  Marine  
  29  2:58  Barracks Tech Lab  
  32  3:06  SCV  
  33  3:14  Marine  
  33  3:16  Marine x2  
  33  3:18  SCV, Stimpack  
  36  3:20  Barracks Tech Lab, SCV  
  37  3:30  SCV  
  37  3:33  Marine x2  
  40  3:34  Marine  
  40  3:35  SCV, Supply Depot  
  40  3:38  Marine  
  40  3:39  Combat Shield  
  43  3:42  SCV  
  43  3:45  Supply Depot  
  43  3:47  SCV  
  45  3:51  Marine  
  46  3:57  Marine, Marauder x2  
  46  3:59  Engineering Bay  
  46  4:02  SCV  
  52  4:03  SCV  
  52  4:09  Supply Depot, Marine  
  54  4:14  SCV  
  54  4:15  SCV, Marine  
  57  4:19  Marauder x2  
  61  4:26  Missile Turret  
  61  4:28  Missile Turret  
  61  4:30  SCV  
  62  4:31  SCV  
  62  4:33  Marine  
  62  4:34  Supply Depot  
  62  4:35  Marine  
  65  4:39  Marine x2  
  65  4:43  Factory  
  65  4:44  SCV  
  65  4:45  SCV  
  69  4:51  Refinery, Marine  
  69  4:52  Supply Depot  
  70  4:57  SCV, Supply Depot  
  70  4:58  SCV, Concussive Shells  
  72  5:01  Marine x2  
  72  5:09  SCV  
  72  5:10  SCV, Marine  
  72  5:11  Marauder  
  76  5:21  SCV  
  77  5:22  SCV  
  77  5:26  Refinery, Terran Infantry Weapons Level 1  
  77  5:27  Marine  
  77  5:28  Marine, Marauder  
  81  5:29  Refinery  
  81  5:32  Supply Depot  
  81  5:33  SCV  
  81  5:34  SCV  
  83  5:45  SCV  
  83  5:46  SCV  
  83  5:47  Marine x2  
  83  5:48  Marauder  
  83  5:49  Marauder  
  81  6:00  Command Center  
  81  6:05  SCV, Marine  
  83  6:16  Marine, Factory Reactor, Starport  
  83  6:17  Marine, Marauder  
  84  6:26  SCV  
  84  6:28  Barracks, SCV  
  84  6:29  Barracks  
  84  6:30  Marine  
  87  6:38  SCV  
  88  6:40  SCV, Marine, Marauder  
  91  6:50  Marine, Marauder  
  91  6:51  SCV  
  91  6:59  Marine  
  91  7:00  SCV  
  79  7:03  SCV  
  79  7:04  Medivac x2  
  79  7:06  Marine, Starport  
  85  7:09  Factory Reactor  
  85  7:12  SCV, Marauder  
  85  7:14  Marine  
  85  7:15  SCV  
  90  7:18  Barracks Tech Lab  
  90  7:19  Barracks Tech Lab, Missile Turret  
  90  7:20  Marine  
  92  7:24  Marauder  
  92  7:26  SCV  
  92  7:30  SCV  
  92  7:32  Marine  
  92  7:33  Marauder  
  91  7:37  Marine  
  91  7:38  Medivac  
  91  7:43  Viking  
  96  7:45  Viking  
  96  7:46  Marauder  
  96  7:49  Marine  
  96  7:50  Marine  
  99  7:54  Marauder  
  81  8:01  Marine, Marauder  
  71  8:07  Marine, Marauder  
  71  8:08  Marine  
  67  8:15  Marine  
  67  8:16  Viking  
  63  8:24  SCV  
  63  8:25  SCV  
  63  8:26  Marine  
  61  8:29  Marine  
  61  8:33  SCV  
  56  8:43  Marine, Marauder  
  56  8:44  Marine  
  56  8:48  SCV  
  56  8:49  SCV  
  56  8:52  Marine  
  58  9:03  SCV  
  58  9:04  Orbital Command  
  58  9:05  Marauder  
  58  9:07  SCV  
  58  9:09  Marine  
  64  9:12  Marauder  
  64  9:15  SCV  
  64  9:16  Marauder  
  68  9:19  SCV  
  68  9:21  Marine  
  70  9:27  SCV  
  70  9:30  SCV, Marauder x2  
  76  9:31  SCV  
  76  9:34  Marauder  
  76  9:35  Medivac  
  76  9:36  Medivac  
  76  9:37  Marine  
  84  9:39  SCV  
  84  9:42  Marine  
  84  9:43  SCV  
  87  9:49  SCV  
  87  9:51  SCV, Marine x2  
  96  9:54  Marine x2  
  96  9:55  SCV  
  99  10:01  SCV, Marine x2  
  99  10:03  SCV  
  108  10:15  SCV  
  108  10:16  Supply Depot x2  
Show
View Real Time Build Order
Export as new Build Order

Neeb Protoss - Winner!

Build Orders: 1 Gate Expand, Oracle Opening, Colossus Rush 

Get SALT Encoding   

  12  0:00  Probe  
  13  0:12  Probe  
  14  0:18  Pylon  
  14  0:24  Probe (Chrono Boost)  
  15  0:37  Probe (Chrono Boost), Gateway  
  16  0:44  Probe (Chrono Boost)  
  16  0:46  Assimilator  
  17  0:51  Probe  
  18  1:03  Probe  
  19  1:15  Probe  
  20  1:24  Cybernetics Core  
  20  1:32  Nexus  
  20  1:36  Probe  
  21  1:42  Pylon  
  21  1:48  Probe  
  21  1:50  Assimilator  
  22  1:57  Adept (Chrono Boost)  
  22  2:00  Probe  
  25  2:12  Probe  
  26  2:16  Stargate  
  26  2:18  Adept (Chrono Boost)  
  28  2:24  Probe  
  29  2:31  Warp Gate  
  29  2:36  Probe  
  30  2:44  Adept  
  30  2:46  Probe  
  30  2:48  Probe  
  34  2:58  Probe  
  35  3:00  Probe, Oracle (Chrono Boost)  
  39  3:06  Pylon  
  39  3:10  Probe  
  41  3:12  Probe  
  39  3:22  Probe  
  39  3:24  Probe  
  41  3:30  Robotics Facility  
  41  3:34  Probe  
  41  3:37  Probe, Gateway  
  41  3:40  Gateway  
  41  3:41  Shield Battery  
  43  3:46  Probe (Chrono Boost), Assimilator  
  44  3:50  Assimilator  
  46  3:56  Probe (Chrono Boost)  
  46  3:57  Probe (Chrono Boost)  
  46  4:00  Oracle  
  46  4:02  Probe (Chrono Boost)  
  50  4:03  Probe (Chrono Boost)  
  50  4:06  Pylon  
  51  4:13  Probe  
  51  4:15  Probe  
  53  4:18  Pylon  
  53  4:19  Robotics Bay  
  53  4:25  Probe  
  53  4:28  Probe  
  53  4:29  Immortal (Chrono Boost)  
  55  4:37  Pylon, Probe  
  55  4:38  Sentry  
  62  4:41  Probe  
  62  4:44  Adept  
  65  4:49  Probe  
  66  4:54  Pylon  
  66  4:55  Sentry  
  66  4:56  Probe  
  69  5:01  Observer, Probe  
  71  5:09  Adept x2  
  75  5:15  Probe  
  76  5:21  Sentry  
  76  5:23  Colossus (Chrono Boost)  
  84  5:28  Probe  
  84  5:29  Pylon, Probe  
  86  5:39  Observer  
  86  5:46  Probe  
  86  5:48  Stalker x2  
  86  5:49  Stalker  
  91  5:52  Probe  
  91  5:53  Forge  
  91  5:54  Extended Thermal Lance  
  91  5:55  Pylon  
  91  5:56  Pylon  
  92  5:57  Pylon  
  92  6:10  Nexus, Colossus (Chrono Boost)  
  98  6:22  Probe  
  98  6:23  Probe  
  98  6:24  Pylon  
  100  6:26  Protoss Ground Weapons Level 1  
  100  6:34  Probe, Adept x3  
  100  6:35  Probe  
  108  6:47  Probe  
  107  6:50  Probe  
  104  7:00  Probe  
  100  7:02  Stalker x3  
  100  7:03  Probe  
  107  7:13  Colossus (Chrono Boost), Gateway  
  107  7:14  Gateway  
  107  7:15  Gateway  
  107  7:22  Probe x2  
  115  7:23  Probe  
  116  7:37  Stalker  
  116  7:38  Stalker x2  
  116  7:42  Twilight Council  
  122  7:58  Colossus (Chrono Boost)  
  108  7:59  Probe  
  115  8:09  Probe  
  115  8:10  Charge (Chrono Boost)  
  108  8:13  Stalker x4  
  108  8:16  Assimilator  
  108  8:17  Assimilator  
  108  8:18  Gateway  
  110  8:22  Gateway  
  99  8:27  Protoss Ground Armor Level 1 (Chrono Boost)  
  99  8:33  Zealot x2  
  97  8:36  Nexus  
  97  8:38  Pylon  
  93  8:47  Zealot x4  
  101  8:54  Warp Prism (Chrono Boost)  
  103  9:03  Pylon  
  103  9:05  Templar Archives  
  103  9:06  Zealot x2  
  103  9:08  Pylon, Zealot x3  
  110  9:10  Observer  
  110  9:14  Probe x2  
  112  9:20  Templar Archives  
  112  9:22  Zealot  
  114  9:25  Gateway  
  114  9:27  Shield Battery, Gateway  
  114  9:32  Colossus  
  114  9:35  Sentry  
  114  9:36  Sentry  
  124  9:39  Probe x3  
  127  9:51  Probe x2  
  129  9:52  Zealot x3  
  129  9:56  Zealot  
  137  10:00  Zealot x2  
  141  10:11  High Templar x2  
  145  10:15  Archon  
  145  10:17  High Templar x2, Zealot x2  
  153  10:21  Archon  
  153  10:25  Zealot x2  

Tags
 
Add a new tag
Caveats
  • Supply blocks, unpowered buildings, or Contaminate may cause inaccurate times.
  • Supply counts are checked every 10 seconds.